 Dungeon Crawl Stone Soup version 0.27.1-33-g824d729ab1 (webtiles) character file.

Game seed: 17871833257272642962

22 Destapler the Skirmisher (level 2, 0/19 HPs)
             Began as a Gargoyle Monk on Dec 1, 2021.
             Slain by a hobgoblin (13 damage)
             ... on level 1 of the Dungeon.
             The game lasted 00:01:02 (568 turns).

Destapler the Skirmisher (Gargoyle Monk)             Turns: 568, Time: 00:01:02

Health: 0/19       AC:  4    Str: 14    XL:     2   Next: 91%
Magic:  2/2        EV: 12    Int: 10    God:
Gold:   47         SH:  0    Dex: 12    Spells: 1/1 levels left

rFire    . . .     SeeInvis .   a - +0 mace
rCold    . . .     Faith    .   (no shield)
rNeg     + . .     Spirit   .   b - +0 robe
rPois    ∞         Reflect  .   (no helmet)
rElec    +         Harm     .   (no cloak)
rCorr    .         Rampage  .   (no gloves)
Will     .....                  (no boots)
Stlth    ++........             (no amulet)
HPRegen  0.06/turn              (no ring)
MPRegen  0.08/turn              (no ring)

@: no status effects
A: sickness immunity, AC +2, negative energy resistance 1, electricity
resistance, torment resistance 1, petrification resistance
a: no special abilities


You were on level 1 of the Dungeon.
You visited 1 branch of the dungeon, and saw 1 of its levels.

You collected 47 gold pieces.

Inventory:

Hand Weapons
 a - a +0 mace (weapon)
Missiles
 g - 12 poisoned darts (quivered)
Armour
 b - a +0 robe (worn)
Scrolls
 c - a scroll of holy word {unknown}
 e - a scroll of enchant weapon {unknown}
 f - a scroll of teleportation {unknown}
Potions
 d - a potion of haste {unknown}


   Skills:
 + Level 3.5 Fighting
 + Level 3.2 Maces & Flails
 + Level 2.6 Dodging
 + Level 2.6 Stealth
 + Level 0.4 Shields


You had one spell level left.
You didn't know any spells.
Your spell library was empty.

Dungeon Overview and Level Annotations

Branches:
Dungeon (1/15)

Altars:


Innate Abilities, Weirdness & Mutations

You are immune to sickness and miasma.
Your stone body is resilient. (AC +2)
You are immune to poison.
You resist negative energy. (rN+)
You are resistant to electric shocks. (rElec)
You are resistant to unholy torment.
You are immune to petrification.


Message History

The frilled lizard hisses angrily.
You hit the ball python.
You kill the ball python!
You hear a shout!
A hobgoblin comes into view.
You see here a ball python corpse.
The ball python bites you but does no damage.
The ball python grabs you. The ball python constricts you.
The hobgoblin shouts!
You hit the ball python.
You kill the ball python!
The frilled lizard bites you but does no damage.
You barely miss the frilled lizard.
The frilled lizard bites you but does no damage.
You closely miss the frilled lizard.
The frilled lizard bites you but does no damage.
You miss the frilled lizard. The frilled lizard barely misses you.
You hit the frilled lizard.
The frilled lizard is heavily wounded.
The frilled lizard completely misses you.
The frilled lizard bites you but does no damage.
You hit the frilled lizard.
You kill the frilled lizard!
You hit the hobgoblin but do no damage. The hobgoblin closely misses you.
You sock the hobgoblin!
You kill the hobgoblin!
No target in view!
No target in view!
Things that are here:
a hobgoblin corpse; a frilled lizard corpse; a ball python corpse A hobgoblin comes into view.
It is wielding a +0 broad axe.
A hobgoblin is nearby!
A hobgoblin is nearby!
The hobgoblin hits you with a +0 broad axe.
You barely miss the hobgoblin. The hobgoblin misses you.
You hit the hobgoblin but do no damage. The hobgoblin closely misses you.
You hit the hobgoblin but do no damage.
The hobgoblin hits you with a +0 broad axe!
Ouch! That really hurt!
You die...

....#### .....).. ..(.####
#.#.# ..# #.#.# ##.. #.#
#.#.#####.....## #.#
..............#. ..#
.......###..# #.####.#
#.#.##.# #g@..#.# #.#.##.#
#....#.#.# #.#.##.#
####.#.#.#### #.#..#)#
..#......# #.##.#.# #
####.####.## #.##.#.# #.
#......# #...# #.##.#.# #.
###.#### #...#
#.##.#.###.####.# ####...####
................###.........#


You could see a hobgoblin.

Vanquished Creatures
  A dart slug (D:1)
  A bat (D:1)
  An endoplasm (D:1)
  2 giant cockroaches (D:1)
  2 goblins (D:1)
  2 hobgoblins (D:1)
  2 kobolds (D:1)
  3 ball pythons (D:1)
  2 frilled lizards (D:1)
  A rat (D:1)
17 creatures vanquished.

Notes
Turn   | Place    | Note
-------+----------+-------------------------------------------
     0 | D:1      | Destapler the Gargoyle Monk began the quest for the Orb.
     0 | D:1      | Reached XP level 1. HP: 14/14 MP: 1/1
    59 | D:1      | Reached XP level 2. HP: 19/19 MP: 2/2
   568 | D:1      | Slain by a hobgoblin

Illustrated notes

Levels and vault maps discovered:
D:1:      minmay_arrival_stone_box, layout_loops_ring, st_stairs_7,
          minmay_heptomino_l4

Action                   || total
-------------------------++-------
Melee: Mace              ||    44
 Stab: Sleeping          ||     2
Armor: Robe              ||    18
Dodge: Dodged            ||    23
